 Dungeon Crawl Stone Soup version 0.31-a0-473-g61b50ae490 (webtiles) character file.

Game seed: 3027440466209972486

1087 LeprechaunX the Ruffian (level 8, 0/54 HPs)
             Began as an Octopode Shapeshifter on Aug 7, 2023.
             Slain by an ice beast (4 damage)
             ... on level 5 of the Dungeon.
             The game lasted 00:05:41 (3663 turns).

LeprechaunX the Ruffian (Octopode Shapeshifter)     Turns: 3663, Time: 00:05:42

Health: 0/54       AC:  1    Str: 17    XL:     8   Next: 30%
Magic:  8/8        EV: 14    Int: 10    God:
Gold:   184        SH:  0    Dex: 12    Spells: 7/7 levels left

rFire   . .          .
                       - Unarmed
rCold   . . .        (no shield)
rNeg    . . .        (helmet currently unavailable)
rPois   .            (no amulet)
rElec   .            i - ring of see invisible
rCorr   .            m - ring of wizardry
SInv    +            (no ring)
Will    .....        (no ring)
Stlth   ++           (no ring)
HPRegen 0.29/turn    (no ring)
MPRegen 0.11/turn    (no ring)
                     (no ring)

%: wizardry (x1)
@: beast-form
A: beast (slay +3), almost no armour, amphibious, 8 rings, camouflage 1,
gelatinous body 1, (nimble swimmer 1), tentacles
a: Begin Untransformation


You were on level 5 of the Dungeon.
You were a hulking beast.
You visited 1 branch of the dungeon, and saw 5 of its levels.
You also visited: Sewer.

You collected 184 gold pieces.

Inventory:

Missiles
 t - 3 boomerangs
Jewellery
 d - an amulet of faith
 i - a ring of see invisible (left tentacle)
 m - a ring of wizardry (right tentacle)
Talismans
 b - a beast talisman (active)
Wands
 k - a wand of light (10) (quivered)
 v - a wand of digging (8)
Scrolls
 f - 5 scrolls of identify {unknown}
 h - 2 scrolls of noise {unknown}
 j - 3 scrolls of blinking
 l - 4 scrolls of poison {unknown}
 n - a scroll of brand weapon {unknown}
 o - a scroll of enchant weapon {unknown}
 q - 2 scrolls of enchant armour {unknown}
 r - 4 scrolls of fear {unknown}
 w - 2 scrolls of teleportation {unknown}
 x - a scroll of fog {unknown}
Potions
 a - 2 potions of lignification
 c - a potion of cancellation {unknown}
 e - a potion of resistance {unknown}
 g - 6 potions of curing {unknown}
 p - a potion of heal wounds {unknown}
 s - 2 potions of degeneration {unknown}
Miscellaneous
 u - a tin of tremorstones (2/2)


   Skills:
 + Level 4.7 Fighting
 - Level 5.0 Dodging
 + Level 5.6 Unarmed Combat
 * Level 5.0 Shapeshifting


You had 7 spell levels left.
You didn't know any spells.
Your spell library contained the following spells:

 Spells                   Type           Power      Damage    Failure   Level
 Apportation              Tloc           0%         N/A       16%         1
 Dazzling Flash           Conj/Hex       0%         N/A       41%         3
 Volatile Blastmotes      Fire/Tloc      0%         2d10      41%         3
 Alistair's Intoxication  Tmut/Pois      0%         N/A       98%         5
 Starburst                Conj/Fire      0%         6d3       100%        6
 Maxwell's Capacitive Co  Air            0%         ∞         100%        8


Dungeon Overview and Level Annotations

Branches:
Dungeon (5/15)              Sewer (visited)
 Temple: D:4-7

Altars:
Dithmenos

Shops:
D:4 =


Innate Abilities, Weirdness & Mutations

You are a hulking beast.
Your limbs bulge with bestial killing power. (Slay +3)
You cannot wear most types of armour.
You are amphibious.
You can wear up to eight rings at the same time.
Your skin changes colour to match your surroundings (Stealth+).
Your rubbery body absorbs attacks. (AC +1, EV +1)
((You are camouflaged when in or above water. (Stealth+)))
You have tentacles for arms and can constrict up to eight enemies at once.


Message History

Done exploring.
Done exploring.
Search for what [Enter for "."]? .
(D) Dungeon
Where to? (Enter - D:4 @ (x,y), ? - help)
There is a stone staircase leading down here.
You climb downwards.
Found an amulet of faith and a war axe.
Found a stone staircase leading up.
There is a stone staircase leading up here.
An ice beast is nearby!
There is a stone staircase leading up here.
The ice beast hits you. The ice beast freezes you!
You tentacle-slap the ice beast. You squeeze the ice beast.
The ice beast is lightly wounded.
You tentacle-slap the ice beast. You squeeze the ice beast.
The ice beast is heavily wounded.
The ice beast barely misses you.
You completely miss the ice beast.
The ice beast is heavily wounded.
The ice beast completely misses you.
You barely miss the ice beast. You squeeze the ice beast!
The ice beast is severely wounded.
The ice beast hits you. The ice beast freezes you!
You tentacle-slap the ice beast but do no damage.
The ice beast is severely wounded.
The ice beast completely misses you.
You barely miss the ice beast.
The ice beast is severely wounded.
The ice beast barely misses you.
You tentacle-slap the ice beast.
The ice beast is almost dead.
The ice beast hits you. The ice beast freezes you!
You closely miss the ice beast.
The ice beast is severely wounded.
The ice beast hits you. The ice beast freezes you!
* * * LOW HITPOINT WARNING * * *
You closely miss the ice beast. You tentacle-slap the ice beast.
The ice beast is almost dead.
The ice beast hits you.
You die...

######
#....#
#....#
#.<..#
#.<..#
######....#
..........#
.#####"...#
#h#.##
#Y#..#
)###+# #.
.. ##. ..
.#


You could see an ice beast.

Vanquished Creatures
  Grinder (D:3)
  An ogre (D:4)
  A phantom (D:3)
  A bullfrog (Sewer)
  6 orc priests
  2 hounds (D:4)
  2 orc wizards
  Natasha (thrice) (D:4)
  An iguana (D:4)
  A river rat (D:4)
  11 adders
  A shadow imp (D:4)
  An ufetubus (D:4)
  4 worms
  A dart slug (D:2)
  18 orcs
  5 endoplasms
  19 giant cockroaches
  9 goblins
  8 hobgoblins
  12 quokkas
  11 ball pythons
  6 bats (D:1)
  12 frilled lizards
  8 kobolds
  8 rats
153 creatures vanquished.

Notes
Turn   | Place    | Note
-------+----------+-------------------------------------------
     0 | D:1      | LeprechaunX the Octopode Shapeshifter began the quest for
                  | the Orb.
     0 | D:1      | Reached XP level 1. HP: 13/13 MP: 1/1
    26 | D:1      | Reached XP level 2. HP: 9/18 MP: 2/2
   398 | D:1      | Reached XP level 3. HP: 23/23 MP: 3/3
   531 | D:2      | Reached XP level 4. HP: 11/29 MP: 4/4
   881 | D:2      | Found a faded altar of an unknown god.
  1187 | D:3      | Reached XP level 5. HP: 29/34 MP: 5/5
  1372 | D:3      | Noticed Grinder
  1376 | D:3      | Noticed a phantom
  1377 | D:3      | Killed Grinder
  1378 | D:3      | Reached XP level 6. HP: 42/42 MP: 6/6
  1442 | D:3      | Reached XP level 7. HP: 46/46 MP: 7/7
  1964 | D:4      | Found a shadowy altar of Dithmenos.
  2027 | D:4      | Noticed Natasha
  2034 | D:4      | Killed Natasha
  2161 | D:4      | Found a glowing drain.
  2174 | Sewer    | Entered a sewer
  2279 | Sewer    | Reached skill level 5 in Unarmed Combat
  2507 | D:4      | Reached XP level 8. HP: 10/54 MP: 8/8
  3003 | D:4      | Noticed Natasha
  3009 | D:4      | Killed Natasha
  3076 | D:4      | Noticed Natasha
  3082 | D:4      | Killed Natasha
  3083 | D:4      | Reached skill level 5 in Dodging
  3181 | D:4      | Reached skill level 5 in Shapeshifting
  3327 | D:4      | Found Hobosenn's Jewellery Shop.
  3649 | D:5      | Entered Level 5 of the Dungeon
  3663 | D:5      | Slain by an ice beast

Illustrated notes

Levels and vault maps discovered:
D:1:      scummos_arrival_star, layout_rooms, minivault_23
D:2:      cheibrodos_helix_gallery, layout_rooms,
          shapermc_ecumenical_altar_venn, grunt_ministairs_13,
          minmay_worlds_worst_comb
D:3:      layout_basic, uniq_grinder
D:4:      layout_basic, nicolae_dithmenos_the_darkroom, serial_shops,
          nicolae_shop_window_shopping, gup_sewer_entry_bubbles,
          kennysheep_generic_room_2, uniq_natasha
D:5:      nicolae_BIG_FREAKIN_CUBE, layout_rooms, minmay_temple_entry_hall,
          fountainhead, uniq_edmund

Skill      XL: |  1  2  3  4  5  6  7  8 |
---------------+-------------------------+-----
Fighting       | 2 3 4 |  4.7
Dodging        | 3 4 5 |  5.0
Unarmed Combat | 4 5 |  5.6
Shapeshifting  | 4 5 |  5.0

Action                     |  1- 3 |  4- 6 |  7- 9 || total
---------------------------+-------+-------+-------++-------
  Melee: Unarmed           |    58 |    79 |   157 ||   294
         Constrict         |    17 |    15 |    42 ||    74
         Tentacles         |     6 |    13 |    36 ||    55
         Punch             |       |     1 |    10 ||    11
  Evoke: Wand              |       |     2 |       ||     2
   Stab: Sleeping          |     2 |     5 |     7 ||    14
         Invisible         |       |     1 |       ||     1
 Armour: Skin              |     6 |       |     4 ||    10
  Dodge: Dodged            |    39 |    30 |    68 ||   137

Table legend: (Time is in decaauts)
 A = Elapsed time spent in this place.
 B = Non-inter-level travel time spent in this place.
 C = Inter-level travel time spent in this place.
 D = Time resting spent in this place.
 E = Time spent auto-exploring this place.
 F = Levels seen in this place.
 G = Mean time per level.
                   A        B        C        D        E       F      G
               +--------+--------+--------+--------+--------+-----+--------+
         Total |   3636 |   3452 |    184 |    385 |   2245 |   6 |  606.0 |
       Dungeon |   3412 |   3228 |    184 |    385 |   2145 |   5 |  682.4 |
         Sewer |    224 |    224 |      0 |      0 |    100 |   1 |  224.0 |
               +--------+--------+--------+--------+--------+-----+--------+

Top non-repeatable levels by time:
     D:4: 1506 daAuts
     D:3: 760 daAuts
     D:2: 642 daAuts
     D:1: 490 daAuts
   Sewer: 224 daAuts
     D:5: 12 daAuts
